San Jose Sharks vs Arizona Coyotes
Created - Saturday, May 10, 2025 at 08:24
Goals
|
| San Jose Sharks |
0 |
1 |
2 |
0 |
0 |
3 |
| Arizona Coyotes |
1 |
0 |
2 |
0 |
1 |
4 |
|
Shots
|
| San Jose Sharks |
6 |
16 |
6 |
0 |
4 |
28 |
| Arizona Coyotes |
7 |
9 |
17 |
0 |
4 |
33 |
|
1st period
1. Arizona Coyotes , Jared Spurgeon 7 (Ondrej Palat 11, Jani Hakanpaa 17) at 2:26
Penalties :
Dmitry Orlov (SJS) for Tripping (Minor) at 5:55, Tyler Seguin (AZC) for Roughing (Double Minor) at 11:51
2nd period
2. San Jose Sharks , Noel Acciari 8 (Christopher Tanev 17, Eeli Tolvanen 20) at 9:11
Penalties :
Matthew Knies (SJS) for Hooking (Minor) at 0:22, T.J. Oshie (SJS) for Slashing (Minor) at 12:11, Radko Gudas (AZC) for Fighting (Major) at 18:59, Marcus Pettersson (SJS) for Fighting (Major) at 18:59
3rd period
3. Arizona Coyotes , Charlie Coyle 27 (Mike Hoffman 12) at 0:18
4. San Jose Sharks , Matthew Knies 18 (Jonathan Drouin 33, Ryan Johansen 21) at 4:32
5. San Jose Sharks , Kevin Fiala 35 (Dmitry Orlov 11) at 9:13
6. Arizona Coyotes , Radko Gudas 3 (Erik Haula 21, Matt Dumba 17) at 17:54 (PP)
Penalties :
Kevin Fiala (SJS) for Hooking (Minor) at 4:55, Matt Dumba (AZC) for Fighting (Major) at 10:04, Brandon Tanev (SJS) for Fighting (Major) at 10:04, Calle Jarnkrok (SJS) for High sticking (Minor) at 11:28, Max Domi (SJS) for Roughing (Minor) at 17:19, Radko Gudas (AZC) for Fighting (Major) at 17:59, Brandon Tanev (SJS) for Fighting (Major) at 17:59
Overtime #1
No Goal
Penalties :
No Penalty
Shootout
San Jose Sharks, Adam Henrique - Stopped by Jacob Markstrom
Arizona Coyotes, Charlie Coyle - Stopped by Tristan Jarry
San Jose Sharks, Kevin Fiala - Stopped by Jacob Markstrom
Arizona Coyotes, Mats Zuccarello - Shot Hit the Post
San Jose Sharks, Ryan Johansen - Stopped by Jacob Markstrom
Arizona Coyotes, Tyler Seguin - Shot Misses the Net
San Jose Sharks, Jonathan Drouin - Shot Misses the Net
Arizona Coyotes, Ryan Donato - Goal!
Penalties :
No Penalty
Goalie Stats
Tristan Jarry (SJS), 30 saves from 33 shots - (0.909), OTL, 4-9-1, 65:00 minutes
Jacob Markstrom (AZC), 25 saves from 28 shots - (0.893), W, 22-20-6, 65:00 minutes
Players Stats for San Jose Sharks
Player Name G A P +/- PIM S H SB GA TA FO MP PP MP PK MP
------------------------------------------------------------------------------------
Adam Henrique 0 0 0 0 0 2 1 0 1 0 16/28 21:19 1:39 4:57
Alec Martinez 0 0 0 2 0 2 0 2 0 2 0/0 16:02 1:48 0:54
Brandon Tanev 0 0 0 0 10 0 0 4 0 0 0/0 13:36 1:29 0:51
Calle Jarnkrok 0 0 0 0 2 0 1 0 0 0 1/1 14:51 0:00 0:00
Christopher Tanev 0 1 1 0 0 2 1 4 0 0 0/0 22:36 1:48 4:51
Connor Murphy 0 0 0 -1 0 0 0 0 0 0 0/0 28:47 1:44 5:39
Dmitry Orlov 0 1 1 1 2 3 0 1 0 1 0/0 23:52 0:27 3:57
Eeli Tolvanen 0 1 1 1 0 2 3 0 0 0 0/0 7:22 0:16 0:00
Ilya Mikheyev 0 0 0 1 0 0 1 1 2 0 0/0 10:50 0:52 0:00
Jonathan Drouin 0 1 1 0 0 5 1 1 0 0 0/0 19:42 1:32 5:09
Kevin Fiala 1 0 1 0 2 5 1 0 0 0 0/2 20:48 1:39 4:04
Marcus Pettersson 0 0 0 0 5 1 1 0 0 1 0/0 25:05 1:44 5:39
Matthew Knies 1 0 1 0 2 1 2 1 0 0 0/1 16:02 1:32 0:39
Max Domi 0 0 0 0 2 0 2 0 0 0 4/10 13:41 0:55 0:14
Nick Perbix 0 0 0 0 0 0 1 0 0 0 0/0 13:36 0:27 0:00
Noel Acciari 1 0 1 1 0 2 0 0 0 0 3/5 7:07 0:01 0:00
Ryan Johansen 0 1 1 0 0 2 2 0 0 2 11/20 21:26 1:27 5:06
T.J. Oshie 0 0 0 0 2 1 0 0 0 0 0/0 12:54 0:35 0:00
Players Stats for Arizona Coyotes
Player Name G A P +/- PIM S H SB GA TA FO MP PP MP PK MP
------------------------------------------------------------------------------------
Brayden McNabb 0 0 0 1 0 1 1 0 0 0 0/0 23:00 5:11 1:17
Charlie Coyle 1 0 1 0 0 10 2 0 0 0 17/29 26:42 5:05 1:35
Erik Haula 0 1 1 -2 0 1 1 0 0 0 1/3 18:33 5:19 0:00
Jani Hakanpaa 0 1 1 -1 0 0 2 2 1 0 0/0 28:01 5:19 2:01
Jared Spurgeon 1 0 1 1 0 2 0 2 0 0 0/0 18:37 0:33 1:17
Kiefer Sherwood 0 0 0 1 0 1 2 0 0 0 1/1 14:07 0:06 1:11
Mark Jankowski 0 0 0 1 0 1 0 0 0 0 0/0 7:26 0:00 0:51
Mats Zuccarello 0 0 0 -1 0 2 2 0 1 0 0/1 21:25 5:05 1:32
Matt Dumba 0 1 1 -1 5 0 1 0 0 0 0/0 24:01 4:46 0:41
Mike Hoffman 0 1 1 1 0 3 0 1 0 0 2/3 6:35 0:00 0:00
Nick Seeler 0 0 0 -1 0 0 0 0 0 0 0/0 14:31 0:00 0:41
Ondrej Palat 0 1 1 1 0 2 2 0 1 0 0/0 14:11 0:00 1:21
Radko Gudas 1 0 1 -1 10 1 3 1 1 1 0/0 21:47 5:11 2:01
Ross Colton 0 0 0 1 0 1 0 0 0 2 6/11 13:47 0:06 0:00
Ryan Donato 0 0 0 -2 0 4 1 2 1 0 3/17 21:36 5:19 1:18
Tyler Bertuzzi 0 0 0 -2 0 0 3 1 1 0 0/0 18:43 5:19 0:10
Tyler Seguin 0 0 0 -1 4 4 2 0 0 0 2/2 19:53 5:05 0:00
William Carrier 0 0 0 0 0 0 1 0 0 0 0/0 3:02 0:06 0:00
3 Stars
1 - Jared Spurgeon (AZC)
2 - Charlie Coyle (AZC)
3 - Noel Acciari (SJS)
Power Play
San Jose Sharks - 0 on 2 Attempt(s) - 0.00%
Arizona Coyotes - 1 on 6 Attempt(s) - 16.67%
Penalty Kill
San Jose Sharks - 5 on 6 Attempt(s) - 83.33%
- Score 0 goal in Penalty Kill
Arizona Coyotes - 2 on 2 Attempt(s) - 100.00%
- Score 0 goal in Penalty Kill
Team Stat
San Jose Sharks - Hits : 17 - Faceoff Wins : 35 - Blocked Shots : 14 - Penalty Minutes : 27
Arizona Coyotes - Hits : 23 - Faceoff Wins : 32 - Blocked Shots : 9 - Penalty Minutes : 19
Official
Referees : Kelly Sutherland and Morgan Macphee
Linesman : Scott Cherrey and Bevan Mills
Game Notes
Radko Gudas beats up Marcus Pettersson at 18:59 of 2nd period
Matt Dumba and Brandon Tanev fight to a draw at 10:04 of 3rd period
Radko Gudas and Brandon Tanev fight to a draw at 17:59 of 3rd period
Finance
Level 1 -- Attendance: 5291 (88.18%) -- Ticket Income $476,190
Level 2 -- Attendance: 5000 (100.00%) -- Ticket Income $285,000
Level 3 -- Attendance: 3000 (100.00%) -- Ticket Income $96,000
Level 4 -- Attendance: 4778 (95.56%) -- Ticket Income $105,116
Luxury Box -- Attendance: 913 (91.30%) -- Ticket Income $175,296
Game was played at the Gila River Arena.
Total Attendance: 18982 (94.91%)
Total Ticket Income: $1,137,602
Other Income: $398,161
Total Income: $1,535,763
San Jose Sharks
5 vs 5 Forward
Center Left Wing Right Wing Time % Phy DF OF
1 Adam Henrique Kevin Fiala Calle Jarnkrok 30 1 2 2
2 Ryan Johansen Matthew Knies Jonathan Drouin 30 1 2 2
3 Max Domi Brandon Tanev T.J. Oshie 25 1 2 2
4 Noel Acciari Eeli Tolvanen Ilya Mikheyev 15 1 2 2
5 vs 5 Defense
Defense Defense Time % Phy DF OF
1 Marcus Pettersson Connor Murphy 30 1 2 2
2 Christopher Tanev Nick Perbix 30 1 2 2
3 Dmitry Orlov Alec Martinez 25 1 2 2
4 Marcus Pettersson Connor Murphy 15 1 2 2
PowerPlay Forward
Center Left Wing Right Wing Time % Phy DF OF
1 Adam Henrique Kevin Fiala Brandon Tanev 50 1 2 2
2 Ryan Johansen Matthew Knies Jonathan Drouin 50 1 2 2
PowerPlay Defense
Defense Defense Time % Phy DF OF
1 Marcus Pettersson Connor Murphy 50 1 2 2
2 Christopher Tanev Alec Martinez 50 1 2 2
Penalty Kill 4 Players Forward
Center Wing Time % Phy DF OF
1 Adam Henrique Kevin Fiala 50 1 2 2
2 Ryan Johansen Jonathan Drouin 50 1 2 2
Penalty Kill 4 Players Defense
Defense Defense Time % Phy DF OF
1 Marcus Pettersson Connor Murphy 50 1 2 2
2 Christopher Tanev Dmitry Orlov 50 1 2 2
Penalty Kill - 3 Players Forward
Forward Time % Phy DF OF
1 Adam Henrique 50 1 2 2
2 Noel Acciari 50 1 2 2
Penalty Kill - 3 Players Defense
Defense Defense Time % Phy DF OF
1 Marcus Pettersson Connor Murphy 50 1 2 2
2 Christopher Tanev Alec Martinez 50 1 2 2
4 vs 4 Forward
Center Wing Time % Phy DF OF
1 Adam Henrique Kevin Fiala 50 1 2 2
2 Ryan Johansen Calle Jarnkrok 50 1 2 2
4 vs 4 Defense
Defense Defense Time % Phy DF OF
1 Marcus Pettersson Connor Murphy 50 1 2 2
2 Christopher Tanev Dmitry Orlov 50 1 2 2
Last Minutes Offensive
Center Left Wing Right Wing Defense Defense
Adam Henrique Kevin Fiala Calle Jarnkrok Marcus Pettersson Connor Murphy
Last Minutes Defensive
Center Left Wing Right Wing Defense Defense
Adam Henrique Kevin Fiala Calle Jarnkrok Marcus Pettersson Connor Murphy
Goaltenders
Starting : Tristan Jarry
Backup : Stuart Skinner
Extra Forwards
Normal : Ilya Mikheyev, Ryan Johansen, Brandon Tanev - PP : Ilya Mikheyev, Ryan Johansen - PK : Brandon Tanev
Extra Defensemen
Normal : Dmitry Orlov, Alec Martinez, Christopher Tanev - PP : Dmitry Orlov - PK : Alec Martinez, Christopher Tanev
Penalty Shots
Adam Henrique, Kevin Fiala, Ryan Johansen, Jonathan Drouin, T.J. Oshie
Scratches
Kasperi Kapanen (Healthy), Clay Stevenson (Healthy)
Arizona Coyotes
5 vs 5 Forward
Center Left Wing Right Wing Time % Phy DF OF
1 Charlie Coyle Mats Zuccarello Tyler Seguin 30 1 2 2
2 Ryan Donato Erik Haula Tyler Bertuzzi 30 1 2 2
3 Ross Colton Ondrej Palat Kiefer Sherwood 25 1 2 2
4 Mike Hoffman Mark Jankowski Charlie Coyle 15 1 2 2
5 vs 5 Defense
Defense Defense Time % Phy DF OF
1 Radko Gudas Jani Hakanpaa 35 1 2 2
2 Jared Spurgeon Brayden McNabb 30 1 2 2
3 Matt Dumba Nick Seeler 25 1 2 2
4 Radko Gudas Jani Hakanpaa 10 1 2 2
PowerPlay Forward
Center Left Wing Right Wing Time % Phy DF OF
1 Charlie Coyle Mats Zuccarello Tyler Seguin 50 1 2 2
2 Ryan Donato Erik Haula Tyler Bertuzzi 50 1 2 2
PowerPlay Defense
Defense Defense Time % Phy DF OF
1 Matt Dumba Jani Hakanpaa 50 1 2 2
2 Radko Gudas Brayden McNabb 50 1 2 2
Penalty Kill 4 Players Forward
Center Wing Time % Phy DF OF
1 Charlie Coyle Mats Zuccarello 50 1 2 2
2 Tyler Seguin Ryan Donato 50 1 2 2
Penalty Kill 4 Players Defense
Defense Defense Time % Phy DF OF
1 Radko Gudas Jani Hakanpaa 56 1 2 2
2 Jared Spurgeon Brayden McNabb 44 1 2 2
Penalty Kill - 3 Players Forward
Forward Time % Phy DF OF
1 Charlie Coyle 50 1 2 2
2 Mats Zuccarello 50 1 2 2
Penalty Kill - 3 Players Defense
Defense Defense Time % Phy DF OF
1 Matt Dumba Jani Hakanpaa 50 1 2 2
2 Radko Gudas Brayden McNabb 50 1 2 2
4 vs 4 Forward
Center Wing Time % Phy DF OF
1 Charlie Coyle Mats Zuccarello 50 1 2 2
2 Tyler Seguin Ryan Donato 50 1 2 2
4 vs 4 Defense
Defense Defense Time % Phy DF OF
1 Matt Dumba Jani Hakanpaa 50 1 2 2
2 Radko Gudas Brayden McNabb 50 1 2 2
Last Minutes Offensive
Center Left Wing Right Wing Defense Defense
Charlie Coyle Mats Zuccarello Tyler Seguin Jared Spurgeon Jani Hakanpaa
Last Minutes Defensive
Center Left Wing Right Wing Defense Defense
Charlie Coyle Mats Zuccarello Tyler Seguin Jared Spurgeon Jani Hakanpaa
Goaltenders
Starting : Jacob Markstrom
Backup : Elvis Merzlikins
Extra Forwards
Normal : William Carrier, Ross Colton, Ondrej Palat - PP : William Carrier, Ross Colton - PK : Ondrej Palat
Extra Defensemen
Normal : Matt Dumba, Nick Seeler, Radko Gudas - PP : Matt Dumba - PK : Nick Seeler, Radko Gudas
Penalty Shots
Charlie Coyle, Mats Zuccarello, Tyler Seguin, Ryan Donato, Erik Haula
Scratches
Mason McTavish (Sprained Left Finger Injury), Anthony Deangelo (Healthy), Carter Hart (Healthy)
% Time on Ice - San Jose Sharks
Lines # - Real PCT - Wanted PCT - Time Play
Normal Forward
1 - 29% - 30% - 13:04
2 - 29% - 30% - 13:05
3 - 27% - 25% - 12:16
4 - 16% - 15% - 7:06
Normal Defense
1 - 31% - 30% - 13:54
2 - 32% - 30% - 14:26
3 - 26% - 25% - 11:56
4 - 12% - 15% - 5:15
PP Forward
1 - 48% - 50% - 1:55
2 - 52% - 50% - 2:04
PP Defense
1 - 55% - 50% - 2:11
2 - 45% - 50% - 1:48
PK Forward
1 - 50% - 50% - 5:18
2 - 50% - 50% - 5:12
PK Defense
1 - 54% - 50% - 5:39
2 - 46% - 50% - 4:51
PK3 Forward
1 - 0% - 50%
2 - 0% - 50%
PK3 Defense
1 - 0% - 50%
2 - 0% - 50%
44 Forward
1 - 54% - 50% - 2:42
2 - 46% - 50% - 2:18
44 Defense
1 - 49% - 50% - 2:27
2 - 51% - 50% - 2:33
Last Minute Offensive - 0:00
Last Minute Defensive - 0:00
Total
Forward - 65:00
Defense - 65:00
|
% Time on Ice - Arizona Coyotes
Lines # - Real PCT - Wanted PCT - Time Play
Normal Forward
1 - 29% - 30% - 13:22
2 - 29% - 30% - 13:14
3 - 27% - 25% - 12:20
4 - 14% - 15% - 6:35
Normal Defense
1 - 37% - 35% - 16:48
2 - 32% - 30% - 14:37
3 - 27% - 25% - 12:15
4 - 4% - 10% - 1:51
PP Forward
1 - 49% - 50% - 5:11
2 - 51% - 50% - 5:19
PP Defense
1 - 51% - 50% - 5:19
2 - 49% - 50% - 5:11
PK Forward
1 - 33% - 50% - 1:18
2 - 67% - 50% - 2:41
PK Defense
1 - 68% - 56% - 2:42
2 - 32% - 44% - 1:17
PK3 Forward
1 - 0% - 50%
2 - 0% - 50%
PK3 Defense
1 - 0% - 50%
2 - 0% - 50%
44 Forward
1 - 45% - 50% - 2:16
2 - 55% - 50% - 2:44
44 Defense
1 - 41% - 50% - 2:04
2 - 59% - 50% - 2:56
Last Minute Offensive - 0:00
Last Minute Defensive - 0:00
Total
Forward - 65:00
Defense - 65:00
|
Play-by-Play
1st period
0:01 of 1st period - Charlie Coyle wins face-off versus Kevin Fiala in neutral zone.
0:10 of 1st period - Slapshot by Charlie Coyle.
0:10 of 1st period - Stopped by Tristan Jarry with a rebound.
0:55 of 1st period - Snap shot by Ondrej Palat.
0:55 of 1st period - Deflect By Kiefer Sherwood.
0:55 of 1st period - Shot Blocked by Christopher Tanev.
0:55 of 1st period - Puck is out of play.
0:56 of 1st period - Noel Acciari wins face-off versus Ross Colton in San Jose Sharks zone.
1:51 of 1st period - Snap shot by Tyler Bertuzzi.
1:51 of 1st period - Shot Blocked by Christopher Tanev.
2:24 of 1st period - Slapshot by Ondrej Palat.
2:24 of 1st period - Stopped by Tristan Jarry with a rebound.
2:26 of 1st period - Slapshot by Jared Spurgeon.
2:26 of 1st period - Goal by Jared Spurgeon - San Jose Sharks : 0 - Arizona Coyotes : 1.
2:27 of 1st period - Charlie Coyle wins face-off versus Max Domi in neutral zone.
2:52 of 1st period - Brayden McNabb is hit by Matthew Knies and loses puck.
3:23 of 1st period - Snap shot by Eeli Tolvanen.
3:23 of 1st period - Shot Misses the Net.
3:25 of 1st period - Backhand shot by Christopher Tanev.
3:25 of 1st period - Stopped by Jacob Markstrom without a rebound.
3:26 of 1st period - Adam Henrique wins face-off versus Ryan Donato in Arizona Coyotes zone.
3:29 of 1st period - Wrist shot by Adam Henrique.
3:29 of 1st period - Shot Misses the Net.
3:31 of 1st period - Snap shot by Adam Henrique.
3:31 of 1st period - Deflect By Kevin Fiala.
3:31 of 1st period - Shot Misses the Net.
3:31 of 1st period - Puck is out of play.
3:32 of 1st period - Adam Henrique wins face-off versus Erik Haula in Arizona Coyotes zone.
3:37 of 1st period - Slapshot by Kevin Fiala.
3:37 of 1st period - Shot Misses the Net.
4:36 of 1st period - Snap shot by Ryan Johansen.
4:36 of 1st period - Stopped by Jacob Markstrom with a rebound.
4:56 of 1st period - Calle Jarnkrok is hit by Tyler Seguin and loses puck.
5:34 of 1st period - Ryan Johansen is hit by Kiefer Sherwood.
5:40 of 1st period - Slapshot by Ryan Johansen.
5:40 of 1st period - Stopped by Jacob Markstrom with a rebound.
5:55 of 1st period - Minor Penalty to Dmitry Orlov for Tripping.
5:56 of 1st period - Adam Henrique wins face-off versus Ryan Donato in San Jose Sharks zone.
7:55 of 1st period - Penalty to Dmitry Orlov is over, Dmitry Orlov is back on ice.
9:07 of 1st period - Jared Spurgeon is hit by Eeli Tolvanen and loses puck.
9:22 of 1st period - Alec Martinez is hit by Kiefer Sherwood and loses puck.
9:35 of 1st period - Jani Hakanpaa is hit by Kevin Fiala and loses puck.
10:07 of 1st period - Christopher Tanev is hit by Radko Gudas and loses puck.
10:16 of 1st period - Snap shot by Ryan Donato.
10:16 of 1st period - Stopped by Tristan Jarry with a rebound.
10:22 of 1st period - Brayden McNabb is hit by Adam Henrique and loses puck.
10:50 of 1st period - Backhand shot by Adam Henrique.
10:50 of 1st period - Stopped by Jacob Markstrom without a rebound.
10:51 of 1st period - Ryan Johansen wins face-off versus Charlie Coyle in Arizona Coyotes zone.
10:54 of 1st period - Snap shot by Jonathan Drouin.
10:54 of 1st period - Shot Blocked by Radko Gudas.
11:27 of 1st period - Wrist shot by Ryan Johansen.
11:27 of 1st period - Deflect By Kiefer Sherwood.
11:27 of 1st period - Shot Blocked by Jared Spurgeon.
11:27 of 1st period - Puck is out of play.
11:28 of 1st period - Charlie Coyle wins face-off versus Max Domi in Arizona Coyotes zone.
11:51 of 1st period - Double Minor Penalty to Tyler Seguin for Roughing.
11:52 of 1st period - Charlie Coyle wins face-off versus Adam Henrique in Arizona Coyotes zone.
12:02 of 1st period - Snap shot by Adam Henrique.
12:02 of 1st period - Stopped by Jacob Markstrom with a rebound.
12:04 of 1st period - Snap shot by Kevin Fiala.
12:04 of 1st period - Shot Misses the Net.
12:06 of 1st period - Slapshot by Marcus Pettersson.
12:06 of 1st period - Stopped by Jacob Markstrom with a rebound.
12:08 of 1st period - Snap shot by Adam Henrique.
12:08 of 1st period - Shot Blocked by Jani Hakanpaa.
12:18 of 1st period - Charlie Coyle is hit by Jonathan Drouin and loses puck.
15:51 of 1st period - Penalty to Tyler Seguin is over, Tyler Seguin is back on ice.
16:17 of 1st period - Connor Murphy is hit by Ondrej Palat.
16:27 of 1st period - Brandon Tanev is hit by Erik Haula and loses puck.
17:14 of 1st period - Wrist shot by Ryan Donato.
17:14 of 1st period - Stopped by Tristan Jarry without a rebound.
17:15 of 1st period - Adam Henrique wins face-off versus Ryan Donato in San Jose Sharks zone.
18:02 of 1st period - Nick Perbix is hit by Matt Dumba and loses puck.
18:54 of 1st period - Off-side.
18:55 of 1st period - Ryan Johansen wins face-off versus Ryan Donato in neutral zone.
19:41 of 1st period - Wrist shot by Mike Hoffman.
19:41 of 1st period - Stopped by Tristan Jarry with a rebound.
19:43 of 1st period - Snap shot by Charlie Coyle.
19:43 of 1st period - Stopped by Tristan Jarry with a rebound.
Goals for this period are 0 for San Jose Sharks vs 1 for Arizona Coyotes.
Shots for this period are 6 for San Jose Sharks vs 7 for Arizona Coyotes.
2nd period
0:01 of 2nd period - Ryan Johansen wins face-off versus Charlie Coyle in neutral zone.
0:09 of 2nd period - Ryan Johansen is hit by Radko Gudas and loses puck.
0:22 of 2nd period - Minor Penalty to Matthew Knies for Hooking.
0:23 of 2nd period - Charlie Coyle wins face-off versus Adam Henrique in San Jose Sharks zone.
0:26 of 2nd period - Slapshot by Tyler Seguin.
0:26 of 2nd period - Shot Misses the Net.
0:58 of 2nd period - Jonathan Drouin is hit by Tyler Bertuzzi and loses puck.
2:22 of 2nd period - Penalty to Matthew Knies is over, Matthew Knies is back on ice.
2:27 of 2nd period - Christopher Tanev is hit by Jani Hakanpaa and loses puck.
2:59 of 2nd period - Slapshot by Mike Hoffman.
2:59 of 2nd period - Stopped by Tristan Jarry with a rebound.
3:01 of 2nd period - Slapshot by Mark Jankowski.
3:01 of 2nd period - Stopped by Tristan Jarry with a rebound.
3:33 of 2nd period - Ryan Donato is hit by Ilya Mikheyev and loses puck.
3:52 of 2nd period - Nick Seeler is hit by Ryan Johansen.
3:53 of 2nd period - Icing by Nick Seeler.
3:54 of 2nd period - Ross Colton wins face-off versus Max Domi in Arizona Coyotes zone.
4:33 of 2nd period - Slapshot by Kevin Fiala.
4:33 of 2nd period - Stopped by Jacob Markstrom with a rebound.
4:35 of 2nd period - Snap shot by Nick Perbix.
4:35 of 2nd period - Shot Misses the Net.
4:37 of 2nd period - Snap shot by Nick Perbix.
4:37 of 2nd period - Shot Blocked by Ryan Donato.
4:51 of 2nd period - Wrist shot by Eeli Tolvanen.
4:51 of 2nd period - Stopped by Jacob Markstrom without a rebound.
4:52 of 2nd period - Ross Colton wins face-off versus Matthew Knies in Arizona Coyotes zone.
4:52 of 2nd period - Ross Colton is hit by Marcus Pettersson.
5:18 of 2nd period - Kevin Fiala is hit by Tyler Seguin and loses puck.
5:24 of 2nd period - Off-side.
5:25 of 2nd period - Adam Henrique wins face-off versus Charlie Coyle in neutral zone.
5:30 of 2nd period - Slapshot by Kevin Fiala.
5:30 of 2nd period - Stopped by Jacob Markstrom without a rebound.
5:31 of 2nd period - Charlie Coyle wins face-off versus Kevin Fiala in Arizona Coyotes zone.
5:38 of 2nd period - Wrist shot by Charlie Coyle.
5:38 of 2nd period - Shot Misses the Net.
5:56 of 2nd period - Snap shot by Ryan Donato.
5:56 of 2nd period - Stopped by Tristan Jarry without a rebound.
5:57 of 2nd period - Ryan Johansen wins face-off versus Ryan Donato in San Jose Sharks zone.
6:52 of 2nd period - Snap shot by Ilya Mikheyev.
6:52 of 2nd period - Shot Misses the Net.
6:54 of 2nd period - Slapshot by Dmitry Orlov.
6:54 of 2nd period - Deflect By Ondrej Palat.
6:54 of 2nd period - Stopped by Jacob Markstrom without a rebound.
6:55 of 2nd period - Ryan Johansen wins face-off versus Ryan Donato in Arizona Coyotes zone.
7:27 of 2nd period - Snap shot by Max Domi.
7:27 of 2nd period - Shot Misses the Net.
7:51 of 2nd period - Snap shot by Adam Henrique.
7:51 of 2nd period - Shot Misses the Net.
8:08 of 2nd period - Wrist shot by Eeli Tolvanen.
8:08 of 2nd period - Stopped by Jacob Markstrom without a rebound.
8:09 of 2nd period - Charlie Coyle wins face-off versus Ryan Johansen in Arizona Coyotes zone.
8:16 of 2nd period - Snap shot by Tyler Seguin.
8:16 of 2nd period - Shot Blocked by Matthew Knies.
8:26 of 2nd period - Snap shot by Charlie Coyle.
8:26 of 2nd period - Stopped by Tristan Jarry with a rebound.
8:59 of 2nd period - Icing by Matt Dumba.
9:00 of 2nd period - Noel Acciari wins face-off versus Ryan Donato in Arizona Coyotes zone.
9:07 of 2nd period - Wrist shot by Eeli Tolvanen.
9:07 of 2nd period - Shot Blocked by Ryan Donato.
9:09 of 2nd period - Backhand shot by Christopher Tanev.
9:09 of 2nd period - Stopped by Jacob Markstrom with a rebound.
9:11 of 2nd period - Snap shot by Noel Acciari.
9:11 of 2nd period - Goal by Noel Acciari - San Jose Sharks : 1 - Arizona Coyotes : 1.
9:12 of 2nd period - Ryan Johansen wins face-off versus Charlie Coyle in neutral zone.
9:20 of 2nd period - Connor Murphy is hit by Radko Gudas and loses puck.
9:56 of 2nd period - Snap shot by Eeli Tolvanen.
9:56 of 2nd period - Shot Misses the Net.
9:58 of 2nd period - Snap shot by Eeli Tolvanen.
9:58 of 2nd period - Shot Blocked by Tyler Bertuzzi.
10:00 of 2nd period - Snap shot by Eeli Tolvanen.
10:00 of 2nd period - Shot Blocked by Jared Spurgeon.
10:02 of 2nd period - Slapshot by Noel Acciari.
10:02 of 2nd period - Shot Misses the Net.
10:04 of 2nd period - Slapshot by Christopher Tanev.
10:04 of 2nd period - Deflect By Noel Acciari.
10:04 of 2nd period - Stopped by Jacob Markstrom without a rebound.
10:05 of 2nd period - Ryan Johansen wins face-off versus Charlie Coyle in Arizona Coyotes zone.
10:06 of 2nd period - Snap shot by Jonathan Drouin.
10:06 of 2nd period - Shot Misses the Net.
10:12 of 2nd period - Snap shot by Tyler Seguin.
10:12 of 2nd period - Deflect By Mats Zuccarello.
10:12 of 2nd period - Shot Blocked by Christopher Tanev.
10:12 of 2nd period - Puck is out of play.
10:13 of 2nd period - Charlie Coyle wins face-off versus Ryan Johansen in San Jose Sharks zone.
10:20 of 2nd period - Slapshot by Mats Zuccarello.
10:20 of 2nd period - Shot Misses the Net.
10:22 of 2nd period - Snap shot by Mats Zuccarello.
10:22 of 2nd period - Shot Misses the Net.
10:24 of 2nd period - Wrist shot by Charlie Coyle.
10:24 of 2nd period - Stopped by Tristan Jarry with a rebound.
10:26 of 2nd period - Snap shot by Mats Zuccarello.
10:26 of 2nd period - Deflect By Tyler Seguin.
10:26 of 2nd period - Shot Blocked by Christopher Tanev.
10:26 of 2nd period - Puck is out of play.
10:27 of 2nd period - Adam Henrique wins face-off versus Ryan Donato in San Jose Sharks zone.
10:34 of 2nd period - Slapshot by Adam Henrique.
10:34 of 2nd period - Shot Misses the Net.
10:57 of 2nd period - Snap shot by Mats Zuccarello.
10:57 of 2nd period - Shot Misses the Net.
11:24 of 2nd period - Snap shot by Jonathan Drouin.
11:24 of 2nd period - Stopped by Jacob Markstrom without a rebound.
11:25 of 2nd period - Adam Henrique wins face-off versus Erik Haula in Arizona Coyotes zone.
11:52 of 2nd period - Snap shot by Kevin Fiala.
11:52 of 2nd period - Stopped by Jacob Markstrom with a rebound.
12:11 of 2nd period - Minor Penalty to T.J. Oshie for Slashing.
12:12 of 2nd period - Adam Henrique wins face-off versus Ryan Donato in San Jose Sharks zone.
14:11 of 2nd period - Penalty to T.J. Oshie is over, T.J. Oshie is back on ice.
14:20 of 2nd period - Jared Spurgeon is hit by Eeli Tolvanen and loses puck.
14:26 of 2nd period - Off-side.
14:27 of 2nd period - Ross Colton wins face-off versus Max Domi in neutral zone.
14:30 of 2nd period - Slapshot by Jared Spurgeon.
14:30 of 2nd period - Stopped by Tristan Jarry without a rebound.
14:31 of 2nd period - Ross Colton wins face-off versus Max Domi in San Jose Sharks zone.
14:36 of 2nd period - Snap shot by Ondrej Palat.
14:36 of 2nd period - Stopped by Tristan Jarry without a rebound.
14:37 of 2nd period - Max Domi wins face-off versus Ross Colton in San Jose Sharks zone.
15:05 of 2nd period - Snap shot by Ross Colton.
15:05 of 2nd period - Shot Blocked by Brandon Tanev.
15:07 of 2nd period - Snap shot by Jared Spurgeon.
15:07 of 2nd period - Shot Blocked by Brandon Tanev.
15:09 of 2nd period - Wrist shot by Brayden McNabb.
15:09 of 2nd period - Shot Blocked by Brandon Tanev.
15:11 of 2nd period - Snap shot by Ross Colton.
15:11 of 2nd period - Deflect By Kiefer Sherwood.
15:11 of 2nd period - Stopped by Tristan Jarry without a rebound.
15:12 of 2nd period - Adam Henrique wins face-off versus Ryan Donato in San Jose Sharks zone.
16:17 of 2nd period - Backhand shot by Charlie Coyle.
16:17 of 2nd period - Shot Blocked by Alec Martinez.
16:19 of 2nd period - Slapshot by Jared Spurgeon.
16:19 of 2nd period - Shot Misses the Net.
16:21 of 2nd period - Snap shot by Brayden McNabb.
16:21 of 2nd period - Deflect By Charlie Coyle.
16:21 of 2nd period - Stopped by Tristan Jarry with a rebound.
16:32 of 2nd period - Icing by Ryan Donato.
16:33 of 2nd period - Erik Haula wins face-off versus Adam Henrique in Arizona Coyotes zone.
16:35 of 2nd period - Icing by Tyler Bertuzzi.
16:36 of 2nd period - Adam Henrique wins face-off versus Ryan Donato in Arizona Coyotes zone.
17:24 of 2nd period - Off-side.
17:25 of 2nd period - Ryan Johansen wins face-off versus Charlie Coyle in neutral zone.
17:28 of 2nd period - Slapshot by Jonathan Drouin.
17:28 of 2nd period - Stopped by Jacob Markstrom with a rebound.
17:40 of 2nd period - Wrist shot by Mats Zuccarello.
17:40 of 2nd period - Shot Misses the Net.
17:54 of 2nd period - Snap shot by Ross Colton.
17:54 of 2nd period - Shot Blocked by Jonathan Drouin.
18:20 of 2nd period - Icing by Matt Dumba.
18:21 of 2nd period - Adam Henrique wins face-off versus Ross Colton in Arizona Coyotes zone.
18:22 of 2nd period - Wrist shot by Kevin Fiala.
18:22 of 2nd period - Stopped by Jacob Markstrom with a rebound.
18:48 of 2nd period - Slapshot by Alec Martinez.
18:48 of 2nd period - Deflect By Tyler Bertuzzi.
18:48 of 2nd period - Stopped by Jacob Markstrom with a rebound.
18:50 of 2nd period - Slapshot by Alec Martinez.
18:50 of 2nd period - Stopped by Jacob Markstrom with a rebound.
18:52 of 2nd period - Slapshot by Dmitry Orlov.
18:52 of 2nd period - Stopped by Jacob Markstrom without a rebound.
18:53 of 2nd period - Charlie Coyle wins face-off versus Adam Henrique in Arizona Coyotes zone.
18:59 of 2nd period - Radko Gudas beats up Marcus Pettersson.
18:59 of 2nd period - Penalty to Radko Gudas for Fighting.
18:59 of 2nd period - Penalty to Marcus Pettersson for Fighting.
19:00 of 2nd period - Ryan Johansen wins face-off versus Charlie Coyle in San Jose Sharks zone.
19:33 of 2nd period - Wrist shot by Ryan Donato.
19:33 of 2nd period - Shot Misses the Net.
19:40 of 2nd period - Icing by Connor Murphy.
19:41 of 2nd period - Max Domi wins face-off versus Ross Colton in San Jose Sharks zone.
19:54 of 2nd period - Snap shot by Max Domi.
19:54 of 2nd period - Shot Misses the Net.
19:56 of 2nd period - Slapshot by Dmitry Orlov.
19:56 of 2nd period - Stopped by Jacob Markstrom without a rebound.
19:57 of 2nd period - Charlie Coyle wins face-off versus Adam Henrique in Arizona Coyotes zone.
Goals for this period are 1 for San Jose Sharks vs 0 for Arizona Coyotes.
Shots for this period are 16 for San Jose Sharks vs 9 for Arizona Coyotes.
3rd period
0:01 of 3rd period - Charlie Coyle wins face-off versus Ryan Johansen in neutral zone.
0:04 of 3rd period - Snap shot by Charlie Coyle.
0:04 of 3rd period - Stopped by Tristan Jarry with a rebound.
0:06 of 3rd period - Snap shot by Tyler Seguin.
0:06 of 3rd period - Stopped by Tristan Jarry with a rebound.
0:12 of 3rd period - Snap shot by Tyler Seguin.
0:12 of 3rd period - Stopped by Tristan Jarry without a rebound.
0:13 of 3rd period - Charlie Coyle wins face-off versus Adam Henrique in San Jose Sharks zone.
0:18 of 3rd period - Slapshot by Charlie Coyle.
0:18 of 3rd period - Goal by Charlie Coyle - San Jose Sharks : 1 - Arizona Coyotes : 2.
0:19 of 3rd period - Adam Henrique wins face-off versus Charlie Coyle in neutral zone.
0:59 of 3rd period - Slapshot by Jonathan Drouin.
0:59 of 3rd period - Deflect By Ross Colton.
0:59 of 3rd period - Stopped by Jacob Markstrom with a rebound.
1:19 of 3rd period - Snap shot by Ryan Donato.
1:19 of 3rd period - Deflect By Nick Perbix.
1:19 of 3rd period - Shot Misses the Net.
1:19 of 3rd period - Puck is out of play.
1:20 of 3rd period - Mike Hoffman wins face-off versus Ryan Johansen in San Jose Sharks zone.
1:25 of 3rd period - Wrist shot by Charlie Coyle.
1:25 of 3rd period - Stopped by Tristan Jarry with a rebound.
1:31 of 3rd period - Jared Spurgeon is hit by Christopher Tanev and loses puck.
1:46 of 3rd period - Charlie Coyle is hit by Max Domi and loses puck.
1:53 of 3rd period - Snap shot by Jared Spurgeon.
1:53 of 3rd period - Shot Hit the Post.
1:55 of 3rd period - Slapshot by Mark Jankowski.
1:55 of 3rd period - Shot Misses the Net.
1:57 of 3rd period - Snap shot by Charlie Coyle.
1:57 of 3rd period - Shot Misses the Net.
1:59 of 3rd period - Snap shot by Charlie Coyle.
1:59 of 3rd period - Shot Misses the Net.
2:01 of 3rd period - Wrist shot by Mike Hoffman.
2:01 of 3rd period - Shot Blocked by Brandon Tanev.
2:19 of 3rd period - Snap shot by Mike Hoffman.
2:19 of 3rd period - Stopped by Tristan Jarry with a rebound.
2:21 of 3rd period - Snap shot by Brayden McNabb.
2:21 of 3rd period - Stopped by Tristan Jarry without a rebound.
2:22 of 3rd period - Adam Henrique wins face-off versus Ryan Donato in San Jose Sharks zone.
2:44 of 3rd period - Icing by Dmitry Orlov.
2:45 of 3rd period - Kiefer Sherwood wins face-off versus Ryan Johansen in San Jose Sharks zone.
2:58 of 3rd period - Snap shot by Ondrej Palat.
2:58 of 3rd period - Deflect By Kiefer Sherwood.
2:58 of 3rd period - Shot Misses the Net.
2:58 of 3rd period - Puck is out of play.
2:59 of 3rd period - Ryan Donato wins face-off versus Adam Henrique in San Jose Sharks zone.
3:00 of 3rd period - Snap shot by Tyler Bertuzzi.
3:00 of 3rd period - Shot Misses the Net.
3:31 of 3rd period - Snap shot by Mats Zuccarello.
3:31 of 3rd period - Stopped by Tristan Jarry with a rebound.
3:33 of 3rd period - Wrist shot by Charlie Coyle.
3:33 of 3rd period - Shot Misses the Net.
3:35 of 3rd period - Wrist shot by Tyler Seguin.
3:35 of 3rd period - Stopped by Tristan Jarry with a rebound.
3:37 of 3rd period - Wrist shot by Mats Zuccarello.
3:37 of 3rd period - Deflect By T.J. Oshie.
3:37 of 3rd period - Stopped by Tristan Jarry with a rebound.
3:54 of 3rd period - Wrist shot by Ondrej Palat.
3:54 of 3rd period - Deflect By Ross Colton.
3:54 of 3rd period - Shot Hit the Post.
3:54 of 3rd period - Puck is out of play.
3:55 of 3rd period - Calle Jarnkrok wins face-off versus Ryan Donato in San Jose Sharks zone.
4:00 of 3rd period - Matt Dumba is hit by Nick Perbix and loses puck.
4:32 of 3rd period - Snap shot by Matthew Knies.
4:32 of 3rd period - Goal by Matthew Knies - San Jose Sharks : 2 - Arizona Coyotes : 2.
4:33 of 3rd period - Tyler Seguin wins face-off versus Adam Henrique in neutral zone.
4:36 of 3rd period - Kevin Fiala is hit by Mats Zuccarello and loses puck.
4:55 of 3rd period - Minor Penalty to Kevin Fiala for Hooking.
4:56 of 3rd period - Adam Henrique wins face-off versus Charlie Coyle in San Jose Sharks zone.
6:55 of 3rd period - Penalty to Kevin Fiala is over, Kevin Fiala is back on ice.
7:49 of 3rd period - Jared Spurgeon is hit by Max Domi and loses puck.
8:10 of 3rd period - Brayden McNabb is hit by Calle Jarnkrok and loses puck.
8:47 of 3rd period - Snap shot by Jonathan Drouin.
8:47 of 3rd period - Stopped by Jacob Markstrom without a rebound.
8:48 of 3rd period - Charlie Coyle wins face-off versus Ryan Johansen in Arizona Coyotes zone.
8:48 of 3rd period - Charlie Coyle is hit by Ryan Johansen.
8:53 of 3rd period - Icing by Mats Zuccarello.
8:54 of 3rd period - Ryan Johansen wins face-off versus Charlie Coyle in Arizona Coyotes zone.
9:05 of 3rd period - Slapshot by Jonathan Drouin.
9:05 of 3rd period - Stopped by Jacob Markstrom without a rebound.
9:06 of 3rd period - Ryan Donato wins face-off versus Adam Henrique in Arizona Coyotes zone.
9:13 of 3rd period - Snap shot by Kevin Fiala.
9:13 of 3rd period - Deflect By Ryan Donato.
9:13 of 3rd period - Goal by Kevin Fiala - San Jose Sharks : 3 - Arizona Coyotes : 2.
9:14 of 3rd period - Adam Henrique wins face-off versus Charlie Coyle in neutral zone.
9:19 of 3rd period - Snap shot by Adam Henrique.
9:19 of 3rd period - Shot Blocked by Jani Hakanpaa.
9:21 of 3rd period - Slapshot by Marcus Pettersson.
9:21 of 3rd period - Shot Misses the Net.
9:53 of 3rd period - Wrist shot by Ryan Donato.
9:53 of 3rd period - Stopped by Tristan Jarry with a rebound.
10:04 of 3rd period - Matt Dumba and Brandon Tanev fight to a draw.
10:04 of 3rd period - Penalty to Matt Dumba for Fighting.
10:04 of 3rd period - Penalty to Brandon Tanev for Fighting.
10:05 of 3rd period - Charlie Coyle wins face-off versus Adam Henrique in neutral zone.
10:57 of 3rd period - Snap shot by Ross Colton.
10:57 of 3rd period - Shot Blocked by Ilya Mikheyev.
11:28 of 3rd period - Minor Penalty to Calle Jarnkrok for High sticking.
11:29 of 3rd period - Ryan Donato wins face-off versus Ryan Johansen in San Jose Sharks zone.
11:30 of 3rd period - Snap shot by Tyler Bertuzzi.
11:30 of 3rd period - Shot Misses the Net.
11:50 of 3rd period - Ryan Johansen is hit by Tyler Bertuzzi and loses puck.
12:04 of 3rd period - Off-side.
12:05 of 3rd period - Charlie Coyle wins face-off versus Adam Henrique in neutral zone.
12:47 of 3rd period - Icing by Mats Zuccarello.
12:48 of 3rd period - Ryan Johansen wins face-off versus Charlie Coyle in Arizona Coyotes zone.
12:51 of 3rd period - Wrist shot by Jonathan Drouin.
12:51 of 3rd period - Shot Misses the Net.
13:28 of 3rd period - Penalty to Calle Jarnkrok is over, Calle Jarnkrok is back on ice.
14:02 of 3rd period - Wrist shot by T.J. Oshie.
14:02 of 3rd period - Shot Hit the Post.
14:04 of 3rd period - Snap shot by T.J. Oshie.
14:04 of 3rd period - Shot Misses the Net.
14:14 of 3rd period - Snap shot by T.J. Oshie.
14:14 of 3rd period - Stopped by Jacob Markstrom without a rebound.
14:15 of 3rd period - Charlie Coyle wins face-off versus Ryan Johansen in Arizona Coyotes zone.
14:40 of 3rd period - Marcus Pettersson is hit by Tyler Bertuzzi and loses puck.
15:01 of 3rd period - Connor Murphy is hit by Charlie Coyle and loses puck.
15:55 of 3rd period - Off-side.
15:56 of 3rd period - Ross Colton wins face-off versus Noel Acciari in neutral zone.
15:59 of 3rd period - Ilya Mikheyev is hit by Ondrej Palat and loses puck.
16:12 of 3rd period - Kiefer Sherwood is hit by Eeli Tolvanen.
16:30 of 3rd period - Wrist shot by Charlie Coyle.
16:30 of 3rd period - Shot Misses the Net.
16:32 of 3rd period - Wrist shot by Tyler Seguin.
16:32 of 3rd period - Stopped by Tristan Jarry without a rebound.
16:33 of 3rd period - Noel Acciari wins face-off versus Ryan Donato in San Jose Sharks zone.
16:50 of 3rd period - Ilya Mikheyev is hit by Ryan Donato and loses puck.
17:05 of 3rd period - Snap shot by Charlie Coyle.
17:05 of 3rd period - Shot Blocked by Alec Martinez.
17:07 of 3rd period - Wrist shot by Mark Jankowski.
17:07 of 3rd period - Deflect By Charlie Coyle.
17:07 of 3rd period - Stopped by Tristan Jarry with a rebound.
17:09 of 3rd period - Snap shot by Mark Jankowski.
17:09 of 3rd period - Shot Misses the Net.
17:11 of 3rd period - Slapshot by Nick Seeler.
17:11 of 3rd period - Deflect By Charlie Coyle.
17:11 of 3rd period - Stopped by Tristan Jarry with a rebound.
17:19 of 3rd period - Minor Penalty to Max Domi for Roughing.
17:20 of 3rd period - Charlie Coyle wins face-off versus Ryan Johansen in San Jose Sharks zone.
17:47 of 3rd period - Marcus Pettersson is hit by Jani Hakanpaa and loses puck.
17:52 of 3rd period - Wrist shot by Erik Haula.
17:52 of 3rd period - Stopped by Tristan Jarry with a rebound.
17:54 of 3rd period - Snap shot by Radko Gudas.
17:54 of 3rd period - Goal by Radko Gudas - San Jose Sharks : 3 - Arizona Coyotes : 3.
17:55 of 3rd period - Mike Hoffman wins face-off versus Max Domi in neutral zone.
17:59 of 3rd period - Radko Gudas and Brandon Tanev fight to a draw.
17:59 of 3rd period - Penalty to Radko Gudas for Fighting.
17:59 of 3rd period - Penalty to Brandon Tanev for Fighting.
18:00 of 3rd period - Max Domi wins face-off versus Ross Colton in San Jose Sharks zone.
18:12 of 3rd period - Snap shot by Ross Colton.
18:12 of 3rd period - Stopped by Tristan Jarry without a rebound.
18:13 of 3rd period - Max Domi wins face-off versus Mike Hoffman in San Jose Sharks zone.
18:18 of 3rd period - Wrist shot by Marcus Pettersson.
18:18 of 3rd period - Shot Blocked by Mike Hoffman.
18:42 of 3rd period - Off-side.
18:43 of 3rd period - Ross Colton wins face-off versus Noel Acciari in neutral zone.
18:58 of 3rd period - Slapshot by Kiefer Sherwood.
18:58 of 3rd period - Shot Misses the Net.
19:10 of 3rd period - T.J. Oshie is hit by Charlie Coyle and loses puck.
19:17 of 3rd period - Slapshot by Mike Hoffman.
19:17 of 3rd period - Shot Misses the Net.
19:45 of 3rd period - Matthew Knies is hit by Mats Zuccarello and loses puck.
Goals for this period are 2 for San Jose Sharks vs 2 for Arizona Coyotes.
Shots for this period are 6 for San Jose Sharks vs 17 for Arizona Coyotes.
Overtime #1
0:01 of 1st overtime period - Adam Henrique wins face-off versus Mats Zuccarello in neutral zone.
0:16 of 1st overtime period - Snap shot by Adam Henrique.
0:16 of 1st overtime period - Shot Misses the Net.
1:50 of 1st overtime period - Connor Murphy is hit by Brayden McNabb and loses puck.
2:38 of 1st overtime period - Christopher Tanev is hit by William Carrier and loses puck.
2:59 of 1st overtime period - Penalty to Radko Gudas is over, Radko Gudas is back on ice.
2:59 of 1st overtime period - Penalty to Brandon Tanev is over, Brandon Tanev is back on ice.
3:07 of 1st overtime period - Wrist shot by Ondrej Palat.
3:07 of 1st overtime period - Shot Blocked by Dmitry Orlov.
3:37 of 1st overtime period - Jani Hakanpaa is hit by Matthew Knies and loses puck.
3:49 of 1st overtime period - Icing by Connor Murphy.
3:50 of 1st overtime period - Tyler Seguin wins face-off versus Adam Henrique in San Jose Sharks zone.
Goals for this period are 0 for San Jose Sharks vs 0 for Arizona Coyotes.
Shots for this period are 0 for San Jose Sharks vs 0 for Arizona Coyotes.
ShootOut
5:00 of 1st overtime period - Round #1.
5:00 of 1st overtime period - San Jose Sharks, Adam Henrique.
5:00 of 1st overtime period - Deke by Adam Henrique.
5:00 of 1st overtime period - Stopped by Jacob Markstrom.
5:00 of 1st overtime period - Arizona Coyotes, Charlie Coyle.
5:00 of 1st overtime period - Backhand shot by Charlie Coyle.
5:00 of 1st overtime period - Stopped by Tristan Jarry.
5:00 of 1st overtime period - Round #2.
5:00 of 1st overtime period - San Jose Sharks, Kevin Fiala.
5:00 of 1st overtime period - Snap shot by Kevin Fiala.
5:00 of 1st overtime period - Stopped by Jacob Markstrom.
5:00 of 1st overtime period - Arizona Coyotes, Mats Zuccarello.
5:00 of 1st overtime period - Snap shot by Mats Zuccarello.
5:00 of 1st overtime period - Shot Hit the Post.
5:00 of 1st overtime period - Round #3.
5:00 of 1st overtime period - San Jose Sharks, Ryan Johansen.
5:00 of 1st overtime period - Snap shot by Ryan Johansen.
5:00 of 1st overtime period - Stopped by Jacob Markstrom.
5:00 of 1st overtime period - Arizona Coyotes, Tyler Seguin.
5:00 of 1st overtime period - Deke by Tyler Seguin.
5:00 of 1st overtime period - Shot Misses the Net.
5:00 of 1st overtime period - Round #4.
5:00 of 1st overtime period - San Jose Sharks, Jonathan Drouin.
5:00 of 1st overtime period - Snap shot by Jonathan Drouin.
5:00 of 1st overtime period - Shot Misses the Net.
5:00 of 1st overtime period - Arizona Coyotes, Ryan Donato.
5:00 of 1st overtime period - Snap shot by Ryan Donato.
5:00 of 1st overtime period - Goal by Ryan Donato.
Back to the Top